 Dungeon Crawl Stone Soup version 0.28.0-47-ge53b351184 (webtiles) character file.

Game seed: 15920869162240589003

2255 Exodus22XD the Thaumaturge (level 9, 0/45 HPs)
             Began as a Deep Elf Conjurer on Apr 29, 2022.
             Was an Elder of Sif Muna.
             Killed from afar by a swamp worm (11 damage)
             ... with a harpoon shot
             ... on level 7 of the Dungeon.
             The game lasted 00:28:21 (7988 turns).

Exodus22XD the Thaumaturge (Deep Elf Conjurer)      Turns: 7988, Time: 00:28:22

Health: 0/45       AC:  4    Str:  4    XL:     9   Next: 15%
Magic:  19/25      EV: 12    Int: 28    God:    Sif Muna [****..]
Gold:   247        SH:  0    Dex: 13    Spells: 21/28 levels left

rFire   . . .      SeeInvis .   f - +0 whip (elec)
rCold   . . .      Faith    .   (no shield)
rNeg    . . .      Spirit   .   a - +0 robe
rPois   .          Reflect  .   g - +0 helmet
rElec   .          Harm     .   (no cloak)
rCorr   +          Rampage  .   (no gloves)
Will    .....                   r - +0 pair of boots
Stlth   ++........              m - amulet of regeneration
HPRegen 0.95/turn               D - ring of resist corrosion
MPRegen 0.19/turn               (no ring)

@: no status effects
A: no striking features
a: Renounce Religion, Channel Magic, Forget Spell, Divine Exegesis


You were on level 7 of the Dungeon.
You worshipped Sif Muna.
Sif Muna was greatly pleased with you.
You visited 1 branch of the dungeon, and saw 7 of its levels.

You collected 397 gold pieces.
You spent 150 gold pieces at shops.

Inventory:

Hand Weapons
 f - a +0 whip of electrocution (weapon)
Missiles
 o - a throwing net
Armour
 a - a +0 robe (worn)
 g - a +0 helmet (worn)
 r - a +0 pair of boots (worn)
Jewellery
 m - an amulet of regeneration (around neck)
 D - a ring of resist corrosion (left hand)
Wands
 j - a wand of digging (1)
 E - a wand of acid (14)
Scrolls
 h - 4 scrolls of immolation
 i - 3 scrolls of fear
 k - a scroll of fog
 n - 2 scrolls of teleportation
 q - a scroll of amnesia {unknown}
 t - 3 scrolls of enchant weapon {unknown}
 u - 2 scrolls of vulnerability {unknown}
 w - a scroll of enchant armour {unknown}
 y - 3 scrolls of blinking
 z - a scroll of holy word {unknown}
 B - a scroll of magic mapping {unknown}
Potions
 b - a potion of heal wounds
 c - a potion of attraction {unknown}
 d - a potion of haste {unknown}
 e - 2 potions of invisibility
 l - a potion of lignification {unknown}
 p - a potion of degeneration {unknown}
 s - a potion of curing {unknown}
 v - a potion of magic {unknown}
 x - 2 potions of mutation {unknown}
 A - 2 potions of brilliance
 C - a potion of might {unknown}


   Skills:
 - Level 2.4 Dodging
 - Level 2.4 Stealth
 - Level 10.3 Spellcasting
 - Level 5.1 Conjurations
 + Level 4.3 Summonings
 - Level 9.0 Invocations


You had 21 spell levels left.
You knew the following spells:

 Your Spells              Type           Power      Damage    Failure   Level
a - Magic Dart            Conj           100%       1d8       1%          1
b - Searing Ray           Conj           86%        2d7       1%          2
c - Summon Ice Beast      Ice/Summ       26%        N/A       16%         4

Your spell library contained the following spells:

 Spells                   Type           Power      Damage    Failure   Level
 Beastly Appendage        Tmut           28%        N/A       3%          1
 Slow                     Hex            56%        N/A       3%          1
 Dazzling Flash           Conj/Hex       56%        N/A       4%          3
 Scorch                   Fire           28%        2d6       6%          2
 Wereblood                Tmut           14%        N/A       6%          2
 Confusing Touch          Hex            14%        N/A       12%         3
 Frozen Ramparts          Ice            28%        1d4       12%         3
 Spider Form              Tmut/Pois      14%        N/A       12%         3
 Vampiric Draining        Necr           14%        2d7       12%         3
 Flame Wave               Conj/Fire      28%        2d8       14%         4
 Fulminant Prism          Conj/Hex       14%        3d9       14%         4
 Iskenderun's Mystic Bla  Conj/Tloc      28%        2d7       14%         4
 Ice Form                 Ice/Tmut       14%        N/A       36%         4
 Summon Cactus Giant      Summ           19%        N/A       69%         6


Dungeon Overview and Level Annotations

Branches:
Dungeon (7/15)             Temple (0/1) D:6

Altars:
Gozag
Okawaru
Sif Muna
Trog
Vehumet
Zin
The Shining One

Shops:
D:1 :   D:5 ?

Annotations:
D:3 2 runed translucent doors
D:4 4 runed translucent doors, Crazy Yiuf; Name63's ghost, amateur FeTm


Message History

Sif Muna accepts your kill.
A swamp worm comes into view.
Casting: Magic Dart (safe; 1% risk of failure)
Confirm with . or Enter, or press ? or * to list all spells.
The spell is quite dangerous to miscast (16% risk of failure)!
Continue anyway?
A chill wind blows around you. What are your orders? t - Shout!
Orders for allies: a - Attack new target. r - Retreat! s - Stop attacking. g - Guard the area. f - Follow me.
Anything else - Cancel.
Gang up on whom?
Press: ? - help, Dir - move target, f - swamp worm
Aim: a swamp worm Attack!
The swamp worm fires a harpoon shot at you.
The harpoon shot hits you.
You are yanked forward by the harpoon shot.
The swamp worm fires a harpoon shot at you.
The harpoon shot misses you.
Casting: Summon Ice Beast (quite dangerous; 16% risk of failure)
Confirm with . or Enter, or press ? or * to list all spells.
Aiming: Searing Ray (safe; 1% risk of failure)
Press: ? - help, Shift-Dir - straight line, f/p - swamp worm
Aim: a swamp worm (ally target, 77% to hit)
The searing ray hits the swamp worm!
The swamp worm is lightly wounded. (Press . to maintain the ray.)
The swamp worm bites you!!
Ouch! That really hurt!
Your ice beast closely misses the swamp worm.
The swamp worm fires a harpoon shot at you.
The harpoon shot hits you!
* * * LOW HITPOINT WARNING * * *
You are yanked forward by the harpoon shot.
Your ice beast closely misses the swamp worm.
The swamp worm fires a harpoon shot at you.
The harpoon shot hits you!
You die...

#..≈≈# ## ..≈≈# ≈ #.≈≈## ≈#
#.≈≈≈# ≈|# ≈ #..≈≈##≈##≈≈
###### #..≈≈≈≈≈≈≈.
#....##### #..≈≈≈≈≈≈≈.
...>.....# ##Yw.≈≈†≈≈..
.........# #####@.#...#....
........####....####.......
...............## #......
.....(#######..# #...##
#....## #..## #...# #...##
#..# #... ##### ..## ##.
#.. #.#


You could see a swamp worm (ally target) and a friendly ice beast (summoned).

Vanquished Creatures
  A hornet (D:7)
  A hornet zombie (D:4)
  A sky beast (D:6)
  5 ogres
  A centaur (D:6)
  A phantom (D:5)
  A kobold brigand (D:6)
  4 scorpions
  2 water moccasin zombies (D:6)
  3 killer bees (D:6)
  A vampire bat (D:3)
  A howler monkey (D:7)
  2 centaur zombies (D:6)
  2 jellies
  A gnoll shaman (D:5)
  3 orc wizards
  A killer bee zombie (D:6)
  3 hound skeletons
  2 howler monkey zombies (D:7)
  9 adders
  8 gnolls
  2 white imps
  An ufetubus (D:5)
  2 worms
  2 dart slugs
  3 fire bats (D:3)
  12 orcs
  2 spectral bats (D:3)
  3 bat skeletons (D:3)
  A bat zombie (D:3)
  7 endoplasms
  4 giant cockroaches
  6 goblins
  8 hobgoblins
  5 jackals (D:2)
  11 kobolds
  4 quokkas
  4 ball pythons
  13 bats
  A bat simulacrum (D:3)
  10 frilled lizards
  7 rats
161 creatures vanquished.

Vanquished Creatures (others)
  4 plants (D:7)
4 creatures vanquished.

Grand Total: 165 creatures vanquished

Notes
Turn   | Place    | Note
-------+----------+-------------------------------------------
     0 | D:1      | Exodus22XD the Deep Elf Conjurer began the quest for the
                  | Orb.
     0 | D:1      | Reached XP level 1. HP: 10/10 MP: 6/6
   289 | D:1      | Found a faded altar of an unknown god.
   300 | D:1      | Prayed at the altar of an unknown god.
   300 | D:1      | Became a worshipper of Sif Muna the Loreminder
   300 | D:1      | Reached * piety under Sif Muna
   309 | D:1      | Reached skill level 4 in Spellcasting
   309 | D:1      | Reached XP level 2. HP: 10/15 MP: 2/9
   312 | D:1      | Learned a level 2 spell: Searing Ray
   880 | D:1      | Found Xeqyosea's Book Shoppe.
  1315 | D:2      | Reached XP level 3. HP: 19/19 MP: 8/11
  1361 | D:2      | Reached skill level 5 in Spellcasting
  1710 | D:2      | Reached ** piety under Sif Muna
  1853 | D:2      | Reached XP level 4. HP: 20/24 MP: 8/13
  1895 | D:2      | Reached skill level 6 in Spellcasting
  2672 | D:3      | Found a bloodstained altar of Trog.
  3092 | D:3      | Found a glowing golden altar of the Shining One.
  3129 | D:3      | Reached skill level 7 in Spellcasting
  3195 | D:3      | Reached XP level 5. HP: 28/28 MP: 10/16
  3471 | D:3      | Reached skill level 8 in Spellcasting
  3490 | D:3      | Reached *** piety under Sif Muna
  3596 | D:3      | Found a radiant altar of Vehumet.
  3711 | D:3      | Found a large runed translucent door.
  3713 | D:3      | Found a large runed translucent door.
  3827 | D:4      | Reached XP level 6. HP: 32/32 MP: 14/19
  3881 | D:4      | Reached skill level 9 in Spellcasting
  4142 | D:4      | Reached skill level 10 in Spellcasting
  4142 | D:4      | Reached XP level 7. HP: 5/36 MP: 8/22
  4287 | D:4      | Reached skill level 1 in Invocations
  4730 | D:4      | Found a runed translucent gate.
  4730 | D:4      | Found a runed translucent gate.
  4730 | D:4      | Found a runed translucent gate.
  4731 | D:4      | Noticed Name63's ghost (amateur FeTm)
  5042 | D:4      | Found a runed translucent door.
  5043 | D:4      | Noticed Crazy Yiuf
  5274 | D:5      | Entered Level 5 of the Dungeon
  5547 | D:5      | Reached skill level 5 in Invocations
  5609 | D:5      | Reached XP level 8. HP: 41/41 MP: 17/24
  6032 | D:5      | Found an opulent altar of Gozag.
  6201 | D:5      | Found Viunyqen's Magic Scroll Emporium.
  6204 | D:5      | Bought a scroll of blinking for 90 gold pieces
  6204 | D:5      | Bought a scroll of fog for 24 gold pieces
  6204 | D:5      | Bought a scroll of teleportation for 36 gold pieces
  6271 | D:5      | Found a glowing silver altar of Zin.
  6741 | D:6      | Noticed a troll
  6815 | D:6      | Reached **** piety under Sif Muna
  6864 | D:6      | Reached skill level 5 in Conjurations
  6987 | D:6      | Found a staircase to the Ecumenical Temple.
  7003 | D:6      | Learned a level 4 spell: Summon Ice Beast
  7013 | D:6      | Found an iron altar of Okawaru.
  7176 | D:6      | Reached skill level 1 in Summonings
  7603 | D:7      | Reached XP level 9. HP: 45/45 MP: 18/25
  7762 | D:7      | Paralysed by a hornet for 3 turns
  7988 | D:7      | Killed from afar by a swamp worm

Illustrated notes

Levels and vault maps discovered:
D:1:      dpeg_arrival_connections, layout_basic, serial_shops, shop,
          ebering_ecumenical_altar_petrified, minmay_misc_feat_hallway,
          roderic_serpentine_path
D:2:      minmay_wonky_spiral, layout_loops_ring, nrook_mini_backslash
D:3:      layout_basic, mainiacjoe_overflow_small_starburst, trog_hazing_becter,
          mainiacjoe_overflow_concentric_impassable, jmf_multi_god_temple2,
          minmay_misc_feat_diagonals, goddamned_bats
D:4:      layout_loops_cross, gammafunk_ghost_necromancy, grunt_decor_arrowhead,
          roderic_lattice_a, uniq_crazy_yiuf_cottage
D:5:      layout_loops_cross, pdpol_temple_overflow_zin_treasury_gozag_greed,
          serial_shops, kennysheep_mini
D:6:      layout_loops_ring, mainiacjoe_overflow_alcove_4,
          minmay_temple_entry_offerings
D:7:      minmay_cornered_nines, layout_cave_pods,
          gammafunk_ghost_wrathful_warriors, worms_lemuel

Skill      XL: |  1  2  3  4  5  6  7  8  9 |
---------------+----------------------------+-----
Spellcasting   | 4 5 7 8 10 | 10.3
Invocations    | 5 9 |  9.0
Conjurations   | 5 |  5.1
Summonings     | 2 4 |  4.3
Dodging        | |  2.4
Stealth        | |  2.4

Action                   |  1- 3 |  4- 6 |  7- 9 || total
-------------------------+-------+-------+-------++-------
Melee: Whip              |       |       |     1 ||     1
 Cast: Magic Dart        |    65 |    84 |    69 ||   218
       Searing Ray       |     4 |    23 |    48 ||    75
       Summon Ice Beast  |       |       |     1 ||     1
  Use: Scroll            |       |       |     9 ||     9
Armor: Robe              |     2 |    15 |    20 ||    37
Dodge: Dodged            |     3 |    35 |    52 ||    90
